 Dungeon Crawl Stone Soup version 0.31-a0-538-gbc85326fa9 (webtiles) character file.

Game seed: 5856924958887468017

76 bobarctor the Cudgeller (level 4, 0/35 HPs)
             Began as a Demonspawn Monk on Aug 13, 2023.
             Was a Believer of Okawaru.
             Succumbed to a scorpion's poison
             ... on level 4 of the Dungeon.
             The game lasted 00:09:36 (2460 turns).

bobarctor the Cudgeller (Demonspawn Monk)           Turns: 2460, Time: 00:09:36

Health: 0/35       AC:  4    Str: 11    XL:     4   Next: 12%
Magic:  6/6        EV: 13    Int: 14    God:    Okawaru [**....]
Gold:   208        SH:  0    Dex: 15    Spells: 1/5 levels left

rFire   . . .        s - +0 flail
rCold   . . .        d - orb {light}
rNeg    . . .        b - +0 robe
rPois   .            (no helmet)
rElec   .            (no cloak)
rCorr   .            (no gloves)
SInv    .            (no boots)
Will    .....        (no amulet)
Stlth   +            f - ring of wizardry
HPRegen 0.25/turn    (no ring)
MPRegen 0.10/turn

%: wizardry (x1)
@: brilliant, lethally poisoned (0 -> -8), glowing
A: thin metallic scales 1, (demonic guardian 1)
a: Renounce Religion, Heroism


You were on level 4 of the Dungeon.
You worshipped Okawaru.
Okawaru was pleased with you.
You visited 1 branch of the dungeon, and saw 4 of its levels.

You collected 208 gold pieces.

Inventory:

Hand Weapons
 a - a +0 mace
 p - the +3 hand axe "Juquyll" {heavy, rF+ rCorr}
   (You took it off a kobold on level 2 of the Dungeon)

   rF+:       It protects you from fire.
   rCorr:     It protects you from acid and corrosion.
 s - a +0 flail (weapon)
Missiles
 e - 45 stones
 i - 6 poisoned darts
 r - 3 javelins
Armour
 b - a +0 robe (worn)
 d - an orb of light (worn)
Jewellery
 f - a ring of wizardry (left hand)
Talismans
 k - a beast talisman
Wands
 q - a wand of flame (20)
Scrolls
 g - 2 scrolls of blinking {unknown}
 h - a scroll of amnesia {unknown}
 l - a scroll of immolation {unknown}
 m - a scroll of teleportation {unknown}
 n - a scroll of identify {unknown}
 t - a scroll of enchant armour {unknown}
Potions
 c - a potion of ambrosia
 j - a potion of invisibility {unknown}
 o - a potion of brilliance
 u - a potion of curing {unknown}


   Skills:
 - Level 3.0 Fighting
 + Level 3.5 Maces & Flails
 + Level 3.1 Dodging
 * Level 1.4 Spellcasting
 * Level 1.0 Conjurations
 * Level 0.2 Poison Magic


You had one spell level left.
You knew the following spells:

 Your Spells              Type           Power      Damage    Failure   Level
a - Magic Dart            Conj           24%        1d4       6%          1
b - Mephitic Cloud        Conj/Pois/Air  3%         N/A       24%         3

Your spell library contained the following spells:

 Spells                   Type           Power      Damage    Failure   Level
 Gell's Gravitas          Tloc           1%         N/A       28%         3
 Teleport Other           Tloc           1%         N/A       28%         3
 Dispersal                Tloc           0%         N/A       100%        6
 Call Imp                 Summ           Unusable   N/A       N/A         2

Dungeon Overview and Level Annotations

Branches:
Dungeon (4/15)
 Temple: D:4-7

Altars:
Okawaru


Innate Abilities, Weirdness & Mutations

You are partially covered in thin metallic scales. (AC +2)
((A weak demonic guardian rushes to your aid.))


Message History

The scorpion stings you!
You hit the scorpion but do no damage.
The scorpion is lightly wounded.
The scorpion completely misses you. The scorpion stings you.
You are poisoned.
The scorpion poisons you!
You hit the scorpion but do no damage.
The scorpion is lightly wounded.
You feel sick. The scorpion closely misses you.
You hit the scorpion.
The scorpion is moderately wounded.
You feel sick. The scorpion stings you.
You are more poisoned.
The scorpion poisons you! The scorpion stings you.
You hit the scorpion.
The scorpion is moderately wounded.
You feel very sick. The scorpion misses you.
You completely miss the scorpion.
The scorpion is moderately wounded.
You feel very sick. The scorpion closely misses you. The scorpion stings you.
You hit the scorpion.
The scorpion is heavily wounded.
You feel very sick. The scorpion closely misses you.
You hit the scorpion.
The scorpion is heavily wounded.
You feel sick. The scorpion stings you.
* * * LOW HITPOINT WARNING * * *
You are more poisoned.
The scorpion poisons you! The scorpion closely misses you.
You hit the scorpion.
The scorpion is severely wounded.
* * * LOW HITPOINT WARNING * * *
You feel very sick. The scorpion closely misses you.
It was a potion of brilliance.
You feel clever all of a sudden.
You die...

. .. ... ...
..
########.#.###
#.....@sW.....
#.########.#.#
#.# #.# #.#
#.# #.# #.#
#.#


You could see a phantom and a scorpion.

Vanquished Creatures
  A worm (D:3)
  4 dart slugs
  An orc (D:3)
  2 ball pythons (D:2)
  9 bats
  5 endoplasms
  A giant cockroach (D:1)
  8 goblins
  9 hobgoblins
  3 jackals (D:1)
  3 kobolds
  3 quokkas
  3 frilled lizards
  6 rats
58 creatures vanquished.

Notes
Turn   | Place    | Note
-------+----------+-------------------------------------------
     0 | D:1      | bobarctor the Demonspawn Monk began the quest for the Orb.
     0 | D:1      | Reached XP level 1. HP: 18/18 MP: 1/1
   162 | D:1      | Gained mutation: You are partially covered in thin metallic
                  | scales. (AC +2) [demonic ancestry]
   162 | D:1      | Reached XP level 2. HP: 20/24 MP: 2/2
   178 | D:1      | Learned a level 1 spell: Magic Dart
   424 | D:1      | Reached XP level 3. HP: 22/29 MP: 1/4
   499 | D:1      | Reached skill level 1 in Spellcasting
   946 | D:2      | Learned a level 3 spell: Mephitic Cloud
  1084 | D:2      | Identified the +3 hand axe "Juquyll" {heavy, rF+ rCorr}
  1092 | D:2      | Found Siakev's Weapon Boutique.
  1353 | D:3      | Reached skill level 1 in Conjurations
  1508 | D:3      | Found an iron altar of Okawaru.
  1524 | D:3      | Became a worshipper of Warmaster Okawaru
  1524 | D:3      | Reached * piety under Okawaru
  1524 | D:3      | Reached ** piety under Okawaru
  1637 | D:3      | Gained mutation: A weak demonic guardian rushes to your
                  | aid. [demonic ancestry]
  1637 | D:3      | Reached XP level 4. HP: 35/35 MP: 6/6
  2449 | D:4      | Noticed a scorpion
  2450 | D:4      | Noticed a phantom
  2459 | D:4      | HP: 1/35 [poisoned by a scorpion]
  2460 | D:4      | Succumbed to a scorpion's poison

Illustrated notes

Levels and vault maps discovered:
D:1:      lemuel_arrival_river_bridge, layout_rooms
D:2:      layout_rooms, serial_shops, shop
D:3:      layout_basic, mainiacjoe_overflow_cross_hatched, serial_forest,
          infiniplex_forest_corner_1, infiniplex_forest_clump_cross,
          infiniplex_forest_join, infiniplex_forest_lined_room_3,
          infiniplex_forest_end_double, infiniplex_forest_end_2,
          kennysheep_doodads
D:4:      layout_loops_ring, mainiacjoe_overflow_catwalk, grunt_ministairs_6,
          st_stairs_12

Skill      XL: |  1  2  3 |
---------------+----------+-----
Maces & Flails | 3 |  3.5
Dodging        | 3 |  3.1
Spellcasting   | 1 |  1.4
Conjurations   | 1 |  1.0
Fighting       | |  3.0
Poison Magic   | |  0.2

Action                     |  1- 3 |  4- 6 || total
---------------------------+-------+-------++-------
  Melee: Mace              |   113 |       ||   113
         Flail             |     9 |    22 ||    31
   Cast: Magic Dart        |    35 |     1 ||    36
    Use: Potion            |       |     1 ||     1
 Armour: Robe              |    27 |     1 ||    28
  Dodge: Dodged            |    84 |    17 ||   101

Table legend: (Time is in decaauts)
 A = Elapsed time spent in this place.
 B = Non-inter-level travel time spent in this place.
 C = Inter-level travel time spent in this place.
 D = Time resting spent in this place.
 E = Time spent auto-exploring this place.
 F = Levels seen in this place.
 G = Mean time per level.
                   A        B        C        D        E       F      G
               +--------+--------+--------+--------+--------+-----+--------+
         Total |   2496 |   2360 |    136 |    143 |   1689 |   4 |  624.0 |
       Dungeon |   2496 |   2360 |    136 |    143 |   1689 |   4 |  624.0 |
               +--------+--------+--------+--------+--------+-----+--------+

Top non-repeatable levels by time:
     D:3: 1045 daAuts
     D:1: 727 daAuts
     D:2: 684 daAuts
     D:4: 38 daAuts
